 Dungeon Crawl Stone Soup version 0.20.1-1-g8b1a95d (webtiles) character file.

14595 acidapple the Thaumaturge (level 12, -4/78 HPs)
             Began as a Human Air Elementalist on Sept 10, 2017.
             Was the Champion of Okawaru.
             Slain by dxctxrx's ghost (7 damage)
             ... on level 3 of the Lair of Beasts.
             The game lasted 00:44:14 (12873 turns).

acidapple the Thaumaturge (Human Air Elementalist) Turns: 12873, Time: 00:44:16

Health: -4/78      AC: 37    Str:  9    XL:     12   Next: 47%
Magic:  35/35      EV:  5    Int: 39    God:    Okawaru [******]
Gold:   687        SH:  0    Dex: 18    Spells: 14/31 levels left

rFire    . . .     SeeInvis .   I - +11 quarterstaff "Tienug" {holy, *Noise rPois Int+8 Dex+4}
rCold    . . .     Gourm    .   (shield currently unavailable)
rNeg     . . .     Faith    .   Y - +27 Lear's hauberk
rPois    +         Spirit   .   (helmet currently unavailable)
rElec    .         Reflect  .   (no cloak)
rCorr    .         Harm     .   (gloves currently unavailable)
MR       .....                  (boots currently unavailable)
Stlth    ..........             (no amulet)
Regen    0.3/turn               E - ring of magical power
MPRegen  0.3/turn               e - +6 ring of intelligence

@: brilliant, flying
A: no striking features
a: Heroism, Finesse, Renounce Religion


You were on level 3 of the Lair of Beasts.
You worshipped Okawaru.
Okawaru was exalted by your worship.
You were hungry.

You visited 3 branches of the dungeon, and saw 13 of its levels.

You collected 687 gold pieces.

Inventory:

Hand Weapons
 D - a +0 shortbow of velocity
 I - the +11 quarterstaff "Tienug" (weapon) {holy, *Noise rPois Int+8 Dex+4}
   (You found it on level 6 of the Dungeon)

   It has been blessed by the Shining One to cause great damage to the undead
   and demons.
   It affects your intelligence (+8).
   It affects your dexterity (+4).
   It protects you from poison.
   It may make noises in combat.
Missiles
 o - 147 arrows
Armour
 n - a +1 pair of gloves
 S - a +0 pair of boots
 U - the +2 hat "Orinoen" {Dex+5}
   (You found it on level 9 of the Dungeon)

   It affects your dexterity (+5).
 Y - the +27 Lear's hauberk (worn)
   (You acquired it on level 2 of the Lair of Beasts)
Jewellery
 d - an uncursed ring of see invisible
 e - a +6 ring of intelligence (right hand)
 E - a ring of magical power (left hand)
Wands
 a - a wand of flame (28/48)
 h - a wand of confusion (20/48)
 q - a wand of polymorph (9/24)
 u - a wand of acid (2/15)
 w - a wand of flame (28/48)
 y - a wand of iceblast (6/15)
 A - a wand of acid (9/15)
 V - a wand of iceblast (9/15)
 X - a wand of confusion (43/48)
 Z - a wand of flame (20/48)
Scrolls
 j - 2 scrolls of amnesia
 l - 3 scrolls of teleportation
 m - a scroll of magic mapping
 s - 6 scrolls of remove curse
 v - 5 scrolls of fog
 x - a scroll of blinking
 F - 2 scrolls of identify
 K - a scroll of brand weapon
 M - 2 scrolls of fear
 Q - 3 scrolls of enchant armour
 R - a scroll of recharging
Potions
 g - 4 potions of curing
 p - 2 potions of mutation
 r - 3 potions of haste
 t - a potion of brilliance
 z - a potion of resistance
 B - a potion of agility
 C - a potion of degeneration
 H - 6 potions of cancellation
 J - 2 potions of might
 L - a potion of lignification
 N - 2 potions of heal wounds
 P - a potion of berserk rage {unknown}
 W - a potion of flight
Books
 k - a book of Air

   Spells                             Type                      Level
   a - Shock                          Conjuration/Air              1
   b - Swiftness                      Charms/Air                   2
   c - Static Discharge               Conjuration/Air              3
   d - Airstrike                      Air                          4
   e - Lightning Bolt                 Conjuration/Air              5
 G - a book of Minor Magic

   Spells                             Type                      Level
   a - Magic Dart                     Conjuration                  1
   b - Blink                          Translocation                2
   c - Call Imp                       Summoning                    2
   d - Slow                           Hexes                        2
   e - Conjure Flame                  Conjuration/Fire             3
   f - Mephitic Cloud                 Conjuration/Poison/Air       3
Comestibles
 b - 3 bread rations
 c - a fruit
 f - 11 meat rations
 O - 3 royal jellies


   Skills:
 - Level 2.0 Fighting
 + Level 9.2 Staves
 - Level 4.0 Bows
 * Level 6.3 Armour
 - Level 2.0 Dodging
 - Level 2.0 Stealth
 - Level 10.0 Spellcasting
 - Level 5.0 Conjurations
 - Level 10.0 Air Magic


You had 14 spell levels left.
You knew the following spells:

 Your Spells              Type           Power        Failure   Level  Hunger
a - Shock                 Conj/Air       ####         1%          1    None
b - Swiftness             Chrm/Air       ######..     3%          2    None
c - Airstrike             Air            #######...   2%          4    None
d - Mephitic Cloud        Conj/Pois/Air  ######..     5%          3    None
e - Blink                 Tloc           N/A          19%         2    None
f - Lightning Bolt        Conj/Air       #######...   16%         5    #......


Dungeon Overview and Level Annotations

Branches:
Dungeon (9/15)             Temple (1/1) D:5            Lair (3/6) D:9
  Swamp (0/4) Lair:3       Spider (0/4) Lair:2
    Orc: D:9-12

Altars:
Ashenzari
Cheibriados
Dithmenos
Elyvilon
Fedhas
Gozag
Hepliaklqana
Kikubaaqudgha
Makhleb
Nemelex Xobeh
Okawaru
Qazlal
Ru
Sif Muna
Trog
Uskayaw
Vehumet
Xom
Yredelemnul
Zin
The Shining One

Annotations:
D:4 2 transporters
D:8 1 exclusion
Lair:3 dxctxrx's ghost, journeyman DsNe


Message History

Dxctxrx's ghost hits you but does no damage.
You writhe in agony.
* * * LOW HITPOINT WARNING * * *
You are feeling hungry.
You hit dxctxrx's ghost.
Dxctxrx's ghost convulses.
Dxctxrx's ghost is severely damaged.
Dxctxrx's ghost hits you but does no damage.
You writhe in agony.
* * * LOW HITPOINT WARNING * * *
It was a potion of flight.
You feel very buoyant.
You fly up into the air.
Dxctxrx's ghost hits you but does no damage.
You writhe in agony.
* * * LOW HITPOINT WARNING * * *
It was a potion of brilliance.
You feel clever all of a sudden.
Dxctxrx's ghost hits you but does no damage.
You writhe in agony.
You die...

##.... #.....
##.... ### #....
######.### ##...#
##.<......###...P#
#..........##.....
##W.............##
#@#........†....##
###.........P.P.#.
#..W............
#.....P..........
#................
....#..........
#...#..........
...


You could see dxctxrx's ghost.

Vanquished Creatures
  A hydra (Lair:2)
  A death knight (D:8)
  2 two-headed ogres (D:8)
  Urug (Lair:2)
  The ghost of Gremour the Chopper, a novice MfSk of Okawaru (D:8)
  A cyclops (D:8)
  A black mamba (Lair:1)
  2 spiny frogs (Lair:1)
  A komodo dragon (Lair:2)
  2 rime drakes
  A troll (D:9)
  A hornet (D:7)
  3 hippogriffs
  A wyvern (D:9)
  A basilisk (Lair:2)
  5 yaks
  A hungry ghost (D:7)
  6 water moccasins
  11 porcupines
  A sky beast (D:6)
  5 orc warriors
  2 black bears (D:9)
  2 ice beasts
  3 ogres
  A necrophage (D:9)
  4 wolves
  5 centaurs
  2 crocodiles (Lair:1)
  A big kobold (D:9)
  2 gnoll sergeants (D:9)
  9 bullfrogs
  4 scorpions
  3 killer bees (D:9)
  7 howler monkeys
  A wight (D:9)
  An electric eel (D:9)
  2 vampire bats (D:5)
  A centaur zombie (D:8)
  2 crimson imps
  A jelly (D:7)
  3 hounds
  10 orc priests
  5 orc wizards
  2 bullfrog skeletons (D:7)
  A centaur skeleton (D:9)
  2 iguanas
  2 hell rats
  8 worker ants
  2 hound skeletons
  A worker ant zombie (D:7)
  12 gnolls
  A howler monkey skeleton (D:5)
  8 adders
  10 river rats
  2 shadow imps (D:5)
  An ooze (D:5)
  7 worms
  2 dart slugs
  6 leopard geckos
  25 orcs
  3 ball pythons
  6 giant cockroaches
  7 goblins
  5 hobgoblins (D:1)
  5 jackals
  3 quokkas
  11 bats
  6 frilled lizards
  A jackal skeleton (D:6)
  12 kobolds
  3 leopard gecko skeletons
  4 rats
278 creatures vanquished.

Vanquished Creatures (others)
  23 fungi
  19 plants
42 creatures vanquished.

Grand Total: 320 creatures vanquished

Notes
Turn   | Place    | Note
-------+----------+-------------------------------------------
     0 | D:1      | acidapple the Human Air Elementalist began the quest for the Orb.
     0 | D:1      | Reached XP level 1. HP: 13/13 MP: 3/3
   251 | D:1      | Reached XP level 2. HP: 16/19 MP: 1/5
   688 | D:1      | Reached XP level 3. HP: 24/24 MP: 6/6
  1207 | D:2      | Learned a level 2 spell: Swiftness
  1384 | D:2      | Reached XP level 4. HP: 28/30 MP: 7/7
  1993 | D:3      | Found a snail-covered altar of Cheibriados.
  2357 | D:4      | Reached XP level 5. HP: 32/35 MP: 9/9
  2382 | D:4      | Found a transporter.
  2403 | D:4      | Found a transporter.
  3030 | D:4      | Reached XP level 6. HP: 33/41 MP: 8/11
  3235 | D:4      | Learned a level 4 spell: Airstrike
  3408 | D:5      | Entered Level 5 of the Dungeon
  3452 | D:5      | Noticed an ogre
  3459 | D:5      | Killed an ogre
  3459 | D:5      | Reached skill level 5 in Air Magic
  3483 | D:5      | Reached XP level 7. HP: 42/46 MP: 10/12
  3921 | D:5      | Reached skill level 1 in Bows
  3958 | D:5      | Reached XP level 8. HP: 52/52 MP: 0/14
  4080 | D:5      | Found a staircase to the Ecumenical Temple.
  4088 | Temple   | Entered the Ecumenical Temple
  4199 | Temple   | Became a worshipper of Warmaster Okawaru
  4860 | D:6      | Got a shimmering quarterstaff
  4861 | D:6      | Identified the +11 quarterstaff "Tienug" {holy, *Noise rPois Int+8 Dex+4} (You found it on level 6 of the Dungeon)
  4868 | D:6      | Learned a level 3 spell: Mephitic Cloud
  5044 | D:6      | Reached skill level 1 in Staves
  5305 | D:6      | Reached * piety under Okawaru
  5305 | D:6      | Reached skill level 5 in Spellcasting
  5364 | D:6      | Reached skill level 5 in Conjurations
  5364 | D:6      | Reached XP level 9. HP: 47/57 MP: 12/16
  5568 | D:7      | Learned a level 2 spell: Blink
  5574 | D:7      | Learned a level 5 spell: Lightning Bolt
  5634 | D:7      | Got a transparent dagger
  5636 | D:7      | Identified the cursed +3 dagger of Doors {pain, rPois Str+2} (You found it on level 7 of the Dungeon)
  5781 | D:7      | Reached ** piety under Okawaru
  6188 | D:7      | Noticed a hornet
  6192 | D:7      | Killed a hornet
  6192 | D:7      | Reached skill level 5 in Staves
  6367 | D:8      | Noticed a cyclops
  6373 | D:8      | Killed a cyclops
  6381 | D:8      | Reached XP level 10. HP: 38/63 MP: 12/19
  6385 | D:8      | Noticed Gremour's ghost (novice MfSk)
  6479 | D:8      | Reached *** piety under Okawaru
  6788 | D:8      | Killed Gremour's ghost
  6884 | D:8      | Noticed a two-headed ogre
  6888 | D:8      | Killed a two-headed ogre
  6888 | D:8      | Reached **** piety under Okawaru
  6888 | D:8      | Received a gift from Okawaru
  6908 | D:8      | Noticed a two-headed ogre
  6920 | D:8      | Killed a two-headed ogre
  7278 | D:8      | Noticed a death knight
  7469 | D:8      | Killed a death knight
  7469 | D:8      | Reached XP level 11. HP: 43/68 MP: 7/23
  7661 | D:9      | Reached ***** piety under Okawaru
  8360 | D:9      | Got a shimmering hat
  8371 | D:9      | Identified the +2 hat "Orinoen" {Dex+5} (You found it on level 9 of the Dungeon)
  8657 | D:8      | Received a gift from Okawaru
  9180 | D:9      | Got a pitted plate armour
  9193 | D:9      | Identified the +5 plate armour "Meit" {Dex+2} (You found it on level 9 of the Dungeon)
  9451 | D:9      | Found a staircase to the Lair.
  9457 | Lair:1   | Entered Level 1 of the Lair of Beasts
  9607 | Lair:1   | Reached skill level 1 in Armour
  9785 | Lair:1   | Reached skill level 1 in Fighting
  9785 | Lair:1   | Reached skill level 10 in Spellcasting
 10442 | Lair:1   | Reached skill level 10 in Air Magic
 10556 | Lair:2   | Identified a scroll of acquirement
 10617 | Lair:2   | Noticed Urug
 10669 | Lair:2   | Received a gift from Okawaru
 10754 | Lair:2   | Reached XP level 12. HP: 72/78 MP: 26/26
 10767 | Lair:2   | Noticed a five-headed hydra
 11424 | Lair:2   | Found a hole to the Spider Nest.
 11505 | Lair:2   | Killed Urug
 11764 | Lair:2   | Killed a five-headed hydra
 11764 | Lair:2   | Reached skill level 5 in Armour
 12584 | Lair:3   | Found a staircase to the Swamp.
 12642 | Lair:3   | Reached ****** piety under Okawaru
 12849 | Lair:3   | Noticed dxctxrx's ghost (journeyman DsNe)
 12872 | Lair:3   | HP: 2/78 [dxctxrx's ghost (2)]
 12873 | Lair:3   | Slain by dxctxrx's ghost

Skill      XL: |  1  2  3  4  5  6  7  8  9 10 11 12 |
---------------+-------------------------------------+-----
Air Magic      | 4 5 6 7 9 10 | 10.0
Conjurations   | 2 3 4 5 |  5.0
Spellcasting   | 3 4 5 6 8 10 | 10.0
Bows           | 1 3 4 |  4.0
Staves         | 2 5 7 8 9 |  9.2
Armour         | 2 6 |  6.3
Fighting       | 1 2 |  2.0
Dodging        | |  2.0
Stealth        | |  2.0

Action                   |  1- 3 |  4- 6 |  7- 9 | 10-12 || total
-------------------------+-------+-------+-------+-------++-------
Melee: Unarmed           |     4 |       |       |       ||     4
       Dagger            |     6 |    89 |    43 |       ||   138
       Quarterstaff      |       |       |    61 |   306 ||   367
 Fire: Hunting sling     |    71 |    63 |    41 |       ||   175
Throw: Stone             |       |       |     8 |       ||     8
 Cast: Shock             |    18 |    23 |    11 |       ||    52
       Swiftness         |       |     1 |       |       ||     1
       Airstrike         |       |     3 |    46 |    85 ||   134
       Lightning Bolt    |       |       |     4 |    27 ||    31
       Blink             |       |       |       |     1 ||     1
Evoke: Wand              |       |     1 |     4 |       ||     5
  Use: Scroll            |       |     8 |    12 |     6 ||    26
       Potion            |       |       |       |     4 ||     4
 Stab: Sleeping          |       |     1 |       |     5 ||     6
  Eat: Chunk             |     2 |     2 |    10 |       ||    14
       Bread ration      |       |     1 |     1 |     4 ||     6
       Fruit             |       |       |     2 |     6 ||     8
Armor: Robe              |    11 |    17 |    39 |    19 ||    86
       Chain mail        |       |       |       |   225 ||   225
Dodge: Dodged            |    29 |    59 |    95 |   127 ||   310
